 Dungeon Crawl Stone Soup version 0.28-a0-850-g09de17f5b5 (webtiles) character file.

Game seed: 9979496359111661044

8068 tatocazan the Cleaver (level 11, -13/86 HPs)
             Began as a Demonspawn Fighter on Nov 13, 2021.
             Was a Priest of Uskayaw.
             Mangled by an orc knight (17 damage)
             ... in a bailey.
             The game lasted 00:13:10 (10993 turns).

tatocazan the Cleaver (Demonspawn Fighter)         Turns: 10993, Time: 00:13:10

Health: -13/86     AC: 21    Str: 20    XL:     11   Next: 5%
Magic:  16/17      EV:  6    Int:  9    God:    Uskayaw [***...]
Gold:   548        SH: 12    Dex: 13    Spells: 10/10 levels left

rFire   . . .      SeeInvis .   m - +2 hand axe (vorpal)
rCold   . . .      Faith    .   c - +0 buckler
rNeg    . . .      Spirit   .   i - +0 plate armour {rPois}
rPois   +          Reflect  .   k - +1 helmet
rElec   .          Harm     .   b - +1 cloak
rCorr   .          Rampage  .   (no gloves)
Will    .....                   (no boots)
Stlth   ..........              (no amulet)
HPRegen 0.24/turn               t - +4 ring of protection
MPRegen 0.15/turn               (no ring)

@: mighty, studying Fighting
A: hooves 2, large bone plates 2, foul stench 1, spiny 1
a: Renounce Religion, Stomp, Line Pass


You were in a bailey.
You worshipped Uskayaw.
Uskayaw was aware of your devotion.
You visited 2 branches of the dungeon, and saw 13 of its levels.
You also visited: Bailey.

You collected 548 gold pieces.

Inventory:

Hand Weapons
 a - a +1 war axe
 m - a +2 vorpal hand axe (weapon)
 B - a +2 hand axe of pain
Missiles
 p - 173 bolts
 A - 3 javelins (quivered)
Armour
 b - a +1 cloak (worn)
 c - a +0 buckler (worn)
 i - a +0 plate armour of poison resistance (worn)
 k - a +1 helmet (worn)
Jewellery
 e - a ring of magical power
 f - a ring of willpower
 t - a +4 ring of protection (left hand)
Wands
 D - a wand of acid (5)
 E - a wand of digging (2)
Scrolls
 g - a scroll of immolation
 h - 2 scrolls of identify
 o - a scroll of torment {unknown}
 v - a scroll of enchant weapon
 y - a scroll of magic mapping
Potions
 d - a potion of lignification {unknown}
 j - a potion of cancellation
 l - 2 potions of brilliance
 n - a potion of attraction
 q - a potion of magic {unknown}
 r - 4 potions of curing
 s - a potion of flight
 u - a potion of resistance {unknown}
 w - a potion of invisibility {unknown}
 x - a potion of ambrosia {unknown}
 C - a potion of mutation {unknown}


   Skills:
 + Level 8.0 Fighting
 * Level 9.1 Axes
 + Level 7.2 Armour
 + Level 7.3 Shields
 + Level 8.0 Invocations


You had 10 spell levels left.
You didn't know any spells.
Your spell library contained the following spells:

 Spells                   Type           Power      Damage    Failure   Level
 Animate Skeleton         Necr           0%         N/A       100%        1
 Apportation              Tloc           0%         N/A       100%        1
 Summon Small Mammal      Summ           0%         N/A       100%        1
 Static Discharge         Conj/Air       0%         N/A       100%        2
 Call Canine Familiar     Summ           0%         N/A       100%        3
 Summon Guardian Golem    Hex/Summ       0%         N/A       100%        3
 Dispel Undead            Necr           0%         3d6       100%        4
 Sticky Flame             Conj/Fire      0%         2d3       100%        4


Dungeon Overview and Level Annotations

Branches:
Dungeon (12/15)            Temple (1/1) D:5            Lair (0/6) D:9
 Bailey (1/1)
    Orc: D:9-12

Altars:
Ashenzari
Cheibriados
Dithmenos
Elyvilon
Gozag
Hepliaklqana
Nemelex Xobeh
Okawaru
Qazlal
Ru
Sif Muna
Trog
Uskayaw
Vehumet
Wu Jian
Xom
Yredelemnul
Zin
The Shining One

Shops:
D:2 *

Annotations:
D:6 3 runed translucent doors, siradein's ghost, novice TrFi


Innate Abilities, Weirdness & Mutations

You have hoof-like feet.
You are mostly covered in large bone plates. (SH +6)
You may rarely emit foul miasma when damaged in melee.
You are partially covered in sharp spines.


Message History

You slash the orc warrior! x2
The orc knight roars a battlecry!
The orc warriors go into a battle-frenzy!
The orc warrior is struck by your spines.
The orc warrior hits you with a +0 halberd!
You block the orc warrior's attack. The orc warrior barely misses you.
You can now pass through a line of other dancers.
You take 11 damage, and have 34/86 hp.
You closely miss the orc knight.
The orc knight is lightly wounded.
You hit the orc warrior.
You hit the orc warrior but do no damage.
You block the orc knight's attack. You block the orc warrior's attack.
The orc warrior barely misses you.
The orc warrior hits you from afar with a +0 glaive!!
* * * LOW HITPOINT WARNING * * *
You take 30 damage, and have 4/86 hp.
MASSIVE DAMAGE!!
You hit the orc knight.
You kick the orc knight, but do no damage.
The orc knight is moderately wounded.
You hit the orc warrior but do no damage.
You hit the orc warrior.
You kill the orc warrior!
Uskayaw will force your foes to helplessly watch your dance.
Uskayaw prepares the audience for your solo!
Your Invocations skill increases to level 8!
Okay, then.
Okay, then.
The helpless orc knight fails to defend itself.
You slash the orc knight!
The orc knight is heavily wounded.
The helpless orc warrior fails to defend itself.
You hit the orc warrior.
You kill the orc warrior!
The helpless orc knight fails to defend itself.
You slash the orc knight!
The orc knight is severely wounded.
The orc warrior is no longer paralysed.
The orc knight is no longer paralysed.
The orc knight hits you with a +0 halberd!
You die...

...≈≈≈≈≈....#########
...........##.......##
..........##..#'#'#..##
..........#..##)#)##..#
.........##.#########.#
....)....##.')#?.)#)'.#
.........##.###o8.###.#
.........##.+ #)o)#)'.#
.........##.####@####.#
.........##..##∩.∩##..#
.............##'''#..##
.........))..##.....##
...≈≈≈≈≈.)...##....##
..≈≈#.#.≈..).#######.
..≈##.∩#≈............
..≈..^).≈............
..≈##.##≈............


You could see an orc knight and an orc warrior (strong).

Vanquished Creatures
  Nergalle (D:11)
  An ugly thing (D:11)
  A gargoyle (D:7)
  A komodo dragon (D:11)
  2 trolls
  A wyvern (D:9)
  A shadow (D:11)
  A wraith (D:12)
  5 vampire mosquitoes
  A basilisk (D:12)
  Menkaure (D:4)
  An acid dragon (D:11)
  Duvessa (D:4)
  2 water moccasins
  9 orc warriors
  2 ice beasts
  A sky beast (D:7)
  A necrophage (D:6)
  A black bear (D:5)
  4 ogres
  9 centaurs
  A phantom (D:4)
  2 kobold brigands
  A bullfrog (D:9)
  2 scorpions
  A water moccasin zombie (D:5)
  Dowan (D:4)
  A water moccasin skeleton (D:5)
  A howler monkey (D:7)
  5 centaur zombies
  A bullfrog zombie (D:5)
  2 hounds
  A jelly (D:5)
  A bullfrog skeleton (D:6)
  4 orc priests
  A gnoll shaman (D:5)
  3 iguanas
  Jessica (D:3)
  Crazy Yiuf (D:5)
  9 orc wizards
  A hound skeleton (D:4)
  9 gnolls
  3 howler monkey skeletons
  4 adders
  A shadow imp (D:7)
  An ufetubus (D:5)
  3 worms
  2 dart slugs (D:2)
  26 orcs
  6 ball pythons
  4 endoplasms
  4 giant cockroaches
  8 goblins
  3 hobgoblins
  6 jackals
  8 quokkas
  7 bats
  A frilled lizard (D:3)
  12 kobolds
  3 rats
198 creatures vanquished.

Vanquished Creatures (others)
  An orc warrior (Bailey)
1 creature vanquished.

Grand Total: 199 creatures vanquished

Notes
Turn   | Place    | Note
-------+----------+-------------------------------------------
     0 | D:1      | tatocazan the Demonspawn Fighter began the quest for the
                  | Orb.
     0 | D:1      | Reached XP level 1. HP: 18/18 MP: 1/1
   370 | D:1      | Reached skill level 2 in Axes
   370 | D:1      | Gained mutation: You are partially covered in sharp spines.
                  | [demonic ancestry]
   370 | D:1      | Reached XP level 2. HP: 24/24 MP: 2/2
   810 | D:2      | Found a faded altar of an unknown god.
   943 | D:2      | Found Jinyehash's Assorted Antiques.
  1013 | D:2      | Gained mutation: You are partially covered in large bone
                  | plates. (SH +4) [demonic ancestry]
  1013 | D:2      | Reached XP level 3. HP: 29/29 MP: 3/3
  1633 | D:3      | Noticed Jessica
  1639 | D:3      | Killed Jessica
  1640 | D:3      | Gained mutation: You may rarely emit foul miasma when
                  | damaged in melee. [demonic ancestry]
  1640 | D:3      | Reached XP level 4. HP: 36/36 MP: 4/4
  1860 | D:3      | Reached XP level 5. HP: 32/42 MP: 5/5
  2254 | D:3      | Reached skill level 3 in Axes
  2855 | D:4      | Found a shimmering blue altar of Sif Muna.
  2890 | D:4      | Gained mutation: You are mostly covered in large bone
                  | plates. (SH +6) [demonic ancestry]
  2890 | D:4      | Reached XP level 6. HP: 49/49 MP: 6/6
  2898 | D:4      | Noticed Menkaure
  2907 | D:4      | Killed Menkaure
  2921 | D:4      | Found a sacrificial altar of Ru.
  3128 | D:4      | Reached XP level 7. HP: 42/55 MP: 7/7
  3674 | D:5      | Entered Level 5 of the Dungeon
  3674 | D:5      | Noticed Duvessa
  3675 | D:5      | Noticed Dowan
  3693 | D:4      | Killed Duvessa
  3694 | D:4      | Reached skill level 5 in Fighting
  3694 | D:4      | Reached skill level 4 in Axes
  3697 | D:4      | Killed Dowan
  4142 | D:5      | Found a staircase to the Ecumenical Temple.
  4148 | Temple   | Entered the Ecumenical Temple
  4193 | Temple   | Became a worshipper of Uskayaw the Reveller
  4246 | D:5      | Reached * piety under Uskayaw
  4257 | D:5      | Reached ** piety under Uskayaw
  4259 | D:5      | Reached *** piety under Uskayaw
  4260 | D:5      | Reached **** piety under Uskayaw
  4314 | D:5      | Reached skill level 1 in Invocations
  4368 | D:5      | Reached XP level 8. HP: 43/62 MP: 7/9
  4466 | D:5      | Found a stormy altar of Qazlal.
  4531 | D:5      | Reached skill level 5 in Armour
  4531 | D:5      | Reached skill level 5 in Shields
  4539 | D:5      | Reached ***** piety under Uskayaw
  4540 | D:5      | Reached skill level 5 in Axes
  4741 | D:5      | Found a runed translucent door.
  4742 | D:5      | Noticed Crazy Yiuf
  5358 | D:5      | Killed Crazy Yiuf
  5764 | D:6      | Found a runed translucent gate.
  5764 | D:6      | Found a runed translucent gate.
  5764 | D:6      | Found a runed translucent gate.
  5764 | D:6      | Noticed siradein's ghost (novice TrFi)
  5764 | D:6      | Noticed a kobold demonologist
  5832 | D:6      | Reached skill level 6 in Axes
  5888 | D:6      | Gained mutation: You have large cloven feet. [demonic
                  | ancestry]
  5888 | D:6      | Reached XP level 9. HP: 69/69 MP: 12/12
  6497 | D:7      | Reached skill level 5 in Invocations
  6522 | D:7      | Found a shadowy altar of Dithmenos.
  6576 | D:7      | Noticed a gargoyle
  6589 | D:7      | Killed a gargoyle
  6590 | D:7      | Reached skill level 7 in Axes
  7785 | D:8      | Identified the +0 scale mail "Cociwn" {rC+ Str-2 Stlth+}
  8277 | D:9      | Reached XP level 10. HP: 77/79 MP: 14/14
  8297 | D:9      | Found a staircase to the Lair.
  8317 | D:9      | Found a sparkling altar of Nemelex Xobeh.
  8553 | D:9      | You fall into a shaft and drop 3 floors!
  8555 | D:12     | Noticed a manticore
  8668 | D:11     | Noticed a seven-headed hydra
  8711 | D:11     | Noticed a six-headed hydra
  8734 | D:12     | Reached skill level 8 in Axes
  9154 | D:12     | Noticed a two-headed ogre
  9970 | D:11     | Noticed a red ugly thing
  9987 | D:11     | Killed a red ugly thing
 10033 | D:11     | Noticed Nergalle
 10046 | D:11     | Killed Nergalle
 10061 | D:11     | Reached skill level 9 in Axes
 10368 | D:10     | Entered Level 10 of the Dungeon
 10368 | D:10     | Found a flagged portal.
 10382 | Bailey   | Entered a bailey
 10890 | Bailey   | Gained mutation: You have hoof-like feet. [demonic
                  | ancestry]
 10890 | Bailey   | Reached XP level 11. HP: 75/86 MP: 16/16
 10985 | Bailey   | Noticed an orc knight
 10990 | Bailey   | HP: 4/86 [orc warrior (30)]
 10993 | Bailey   | Mangled by an orc knight

Illustrated notes

Levels and vault maps discovered:
D:1:      mrwooster_arrival_statue_2, layout_basic, minmay_misc_feat_x
D:2:      layout_loops_ring, serial_shops, nicolae_shop_stone,
          shapermc_ecumenical_altar_ellora
D:3:      layout_basic, st_stairs_4, kennysheep_generic_room_7, uniq_jessica
D:4:      layout_loops_ring, mainiacjoe_overflow_alcove_1, led_sif_pool,
          nicolae_ru_great_annihilating_truth, uniq_menkaure
D:5:      layout_basic, marbit_many_paths, minmay_temple_entry_stoned_glass,
          uniq_crazy_yiuf_cottage, uniq_duvessa
D:6:      layout_loops_cross, gammafunk_ghost_nasty_kobolds
D:7:      layout_basic, nicolae_dithmenos_through_a_glass_darkly
D:8:      layout_cave_pools
D:9:      layout_gridville, nemelex_spade_bored_becter, lair_entry_dummy,
          uniq_pikel, uniq_erica, uniq_grum
D:10:     layout_rooms, fedhas_bush_and_centaur_altar, enter_bailey_5,
          uniq_gastronok
D:11:     minmay_tearing_corner, layout_stronghold, serial_shops,
          nicolae_square_shop, kennysheep_opposing_triangles, uniq_urug,
          uniq_nergalle
D:12:     layout_roguey, david_orc_5, uniq_snorg
Temple:   regret_index_temple_waves
Bailey:   bailey_polearm_2, bailey

Skill      XL: |  1  2  3  4  5  6  7  8  9 10 11 |
---------------+----------------------------------+-----
Axes           | 2 3 4 6 7 9 |  9.1
Armour         | 3 4 5 6 7 |  7.2
Shields        | 3 4 5 6 7 |  7.3
Fighting       | 4 5 6 7 8 |  8.0
Invocations    | 1 4 6 7 8 |  8.0

Action                   |  1- 3 |  4- 6 |  7- 9 | 10-12 || total
-------------------------+-------+-------+-------+-------++-------
Melee: War axe           |    48 |     6 |       |       ||    54
       Hand axe          |       |   113 |   279 |   214 ||   606
       Kick              |       |       |    37 |    74 ||   111
Throw: Javelin           |       |       |       |     1 ||     1
  Use: Scroll            |       |       |    15 |     3 ||    18
       Potion            |       |       |     2 |     2 ||     4
 Stab: Paralysed         |       |     1 |    26 |    20 ||    47
       Invisible         |       |     1 |       |       ||     1
       Sleeping          |       |     1 |       |       ||     1
Armor: Scale mail        |    14 |    36 |    41 |       ||    91
       Chain mail        |       |       |    27 |       ||    27
       Plate armour      |       |       |    33 |   123 ||   156
Dodge: Dodged            |    21 |    49 |    79 |    75 ||   224
Block: Buckler           |     7 |    45 |   163 |   155 ||   370

Table legend: (Time is in decaauts)
 A = Elapsed time spent in this place.
 B = Non-inter-level travel time spent in this place.
 C = Inter-level travel time spent in this place.
 D = Time resting spent in this place.
 E = Time spent auto-exploring this place.
 F = Levels seen in this place.
 G = Mean time per level.
                   A        B        C        D        E       F      G
               +--------+--------+--------+--------+--------+-----+--------+
         Total |  11011 |  10868 |    143 |   3105 |   6119 |  14 |  786.5 |
       Dungeon |  10311 |  10189 |    122 |   2884 |   5847 |  12 |  859.2 |
        Temple |    100 |     79 |     21 |      0 |     51 |   1 |  100.0 |
        Bailey |    599 |    599 |      0 |    221 |    220 |   1 |  599.0 |
               +--------+--------+--------+--------+--------+-----+--------+

Top non-repeatable levels by time:
     D:7: 1399 daAuts
     D:5: 1352 daAuts
     D:4: 1269 daAuts
    D:12: 1134 daAuts
     D:3: 1100 daAuts
     D:6: 886 daAuts
     D:2: 876 daAuts
     D:1: 775 daAuts
    D:11: 679 daAuts
  Bailey: 599 daAuts
     D:8: 480 daAuts
     D:9: 343 daAuts
  Temple: 100 daAuts
    D:10: 14 daAuts
